Map: Year Zero LE

Players

SKillous - Winner!

  • Race: Protoss Protoss
  • Spawn Location: 11:00

SouLeer

  • Race: Zerg Zerg
  • Spawn Location: 1:00

Event: 2019 WCS Spring

VOD

Have the link to the VOD?

Description

Time

  • Played on: May 17, 2019, 11:47 a.m.
  • Length: 12:48

All games in this series

Show
View Real Time Build Order
Export as new Build Order

SKillous Protoss - Winner!

Build Orders: 1 Gate Expand, Archon Immortal 

Get SALT Encoding   

  12  0:01  Probe  
  13  0:13  Probe  
  14  0:20  Pylon  
  14  0:25  Probe  
  15  0:34  Probe  
  15  0:42  Probe  
  16  0:45  Gateway  
  17  0:52  Probe  
  17  0:55  Assimilator  
  18  1:04  Probe  
  19  1:16  Probe  
  20  1:27  Nexus  
  20  1:38  Cybernetics Core  
  20  1:41  Probe  
  21  1:48  Assimilator  
  21  1:53  Probe  
  22  1:58  Pylon  
  22  2:05  Probe  
  22  2:07  Adept  
  23  2:15  Warp Gate  
  23  2:17  Probe  
  26  2:24  Robotics Facility  
  26  2:28  Stalker  
  26  2:29  Probe  
  27  2:35  Probe  
  27  2:42  Probe  
  27  2:44  Probe  
  32  2:54  Probe  
  32  2:55  Probe  
  33  3:01  Twilight Council  
  33  3:05  Warp Prism  
  33  3:06  Probe  
  33  3:07  Probe  
  35  3:18  Probe  
  39  3:28  Charge  
  39  3:32  Immortal, Gateway  
  39  3:34  Gateway  
  43  3:50  Pylon  
  43  3:55  Probe  
  43  3:57  Gateway  
  43  3:59  Assimilator  
  43  4:00  Probe  
  44  4:07  Probe  
  45  4:11  Immortal  
  45  4:12  Probe  
  50  4:20  Probe  
  50  4:23  Pylon  
  50  4:24  Probe  
  52  4:25  Gateway  
  52  4:32  Probe  
  52  4:35  Pylon  
  52  4:36  Probe  
  54  4:41  Forge  
  54  4:43  Observer  
  54  4:44  Sentry, Probe  
  57  4:48  Probe  
  57  4:51  Assimilator  
  59  4:56  Probe  
  59  4:57  Pylon  
  60  5:01  Immortal  
  60  5:02  Probe  
  60  5:06  Pylon  
  65  5:09  Protoss Ground Weapons Level 1  
  63  5:34  Templar Archives  
  63  5:35  Immortal, Gateway  
  63  5:37  Observer, Gateway  
  67  5:55  Gateway  
  67  5:59  Gateway  
  67  6:01  Sentry x2  
  70  6:15  Zealot x2  
  74  6:19  Observer  
  74  6:20  Pylon x2  
  75  6:27  High Templar x2  
  75  6:32  Archon  
  79  6:36  Zealot x3  
  85  6:40  Pylon x2  
  85  6:41  Zealot  
  85  6:44  Pylon  
  87  6:54  Pylon  
  87  6:57  High Templar x2  
  87  6:58  Zealot x3  
  87  7:00  Zealot x2  
  101  7:02  Zealot, Archon  
  101  7:10  Probe  
  102  7:17  Zealot  
  102  7:19  Protoss Ground Weapons Level 2  
  104  7:28  Nexus  
  105  7:31  Pylon  
  105  7:37  High Templar x2  
  106  7:38  Zealot x4  
  106  7:43  High Templar  
  106  7:44  Zealot x4, High Templar  
  108  7:46  Probe x2  
  108  7:47  Archon  
  108  7:49  Stalker  
  120  7:54  Pylon  
  120  8:04  Immortal  
  124  8:05  Zealot x2  
  124  8:06  Zealot  
  124  8:11  Zealot  
  77  8:25  Zealot x4  
  79  8:33  Sentry  
  79  8:34  Sentry x2  
  85  8:41  Probe x2  
  85  8:44  Sentry  
  85  8:46  Probe  
  88  8:49  Probe  
  88  8:52  Immortal, Probe  
  88  8:54  Zealot  
  96  9:08  Zealot x3  
  98  9:10  Zealot  
  98  9:14  Zealot  
  79  9:24  Zealot x3  
  65  9:31  Zealot x2  
  58  9:45  High Templar x3  
  60  9:46  High Templar  
  60  9:47  Zealot  
  60  9:49  Archon  
  60  9:52  Archon  
  62  10:00  Immortal  
  62  10:01  Zealot x3  
  58  10:09  Zealot  
  64  10:18  Sentry, High Templar x2  
  64  10:19  Zealot  
  72  10:23  Archon  
  72  10:25  Zealot x2  
  76  10:31  Immortal  
  80  10:46  Zealot x3  
  86  10:50  Sentry x2  
  86  10:56  Zealot x2  
  94  11:01  Zealot  
  96  11:15  Stalker x3  
  96  11:17  Sentry x2  
  106  11:35  Stalker x4  
  106  11:37  Zealot  
  98  11:52  Zealot x4  
  74  12:08  Zealot x4  
  74  12:12  Sentry  
  74  12:13  Sentry x2  
  74  12:14  Sentry  
  64  12:40  Zealot  
  64  12:41  Zealot x4  
  68  12:44  Zealot x3  
Show
View Real Time Build Order
Export as new Build Order

SouLeer Zerg 

Build Orders: Hatch First 

Get SALT Encoding   

  12  0:01  Drone  
  13  0:13  Overlord  
  13  0:18  Drone  
  14  0:31  Drone x2  
  16  0:35  Drone  
  17  0:52  Drone  
  18  0:58  Drone  
  18  1:00  Hatchery  
  18  1:06  Extractor  
  17  1:15  Spawning Pool  
  17  1:18  Drone  
  17  1:21  Drone  
  18  1:30  Drone  
  19  1:41  Overlord  
  19  1:52  Drone  
  20  2:01  Queen  
  20  2:02  Zergling x2  
  20  2:08  Metabolic Boost  
  23  2:12  Queen  
  23  2:13  Zergling x4  
  28  2:22  Drone  
  28  2:25  Drone  
  29  2:34  Drone x2  
  31  2:43  Hatchery  
  30  2:46  Drone  
  30  2:48  Drone  
  32  2:55  Overlord  
  32  2:57  Drone  
  33  3:11  Drone x4  
  36  3:13  Spore Crawler  
  36  3:15  Drone  
  36  3:18  Queen  
  38  3:21  Drone  
  38  3:23  Drone  
  40  3:30  Overlord  
  40  3:33  Drone  
  41  3:38  Drone  
  42  3:46  Drone x2  
  44  3:49  Drone x3  
  44  3:50  Extractor  
  44  3:54  Roach Warren  
  45  3:56  Overlord  
  45  3:59  Drone  
  46  4:04  Zergling x2  
  46  4:06  Drone  
  48  4:12  Extractor, Drone x2  
  48  4:13  Overlord, Drone x2  
  51  4:18  Overlord  
  51  4:20  Zergling x2  
  51  4:23  Overlord  
  52  4:26  Overlord  
  52  4:27  Zergling x2  
  53  4:35  Roach x3  
  61  4:38  Roach  
  61  4:41  Roach  
  61  4:43  Roach  
  65  4:49  Spore Crawler, Roach  
  65  4:50  Roach  
  68  4:55  Spore Crawler  
  68  4:57  Drone  
  68  4:58  Drone  
  68  4:59  Roach  
  71  5:02  Roach  
  71  5:05  Roach  
  75  5:09  Roach x2  
  75  5:13  Roach  
  80  5:16  Overlord  
  80  5:18  Roach  
  82  5:25  Zergling x8  
  86  5:28  Roach  
  86  5:31  Roach  
  87  5:46  Zergling x18  
  96  5:52  Ravager  
  96  5:53  Lair  
  97  5:57  Overlord  
  97  6:00  Overlord  
  97  6:01  Overlord  
  97  6:19  Drone x3  
  97  6:20  Roach x2, Drone  
  97  6:21  Roach x3  
  97  6:24  Roach  
  112  6:27  Ravager x3  
  112  6:30  Roach  
  117  6:36  Zergling x6  
  117  6:39  Overlord  
  120  6:40  Roach  
  122  6:49  Overlord  
  122  6:50  Overseer  
  122  7:00  Roach x2  
  122  7:01  Roach x2  
  130  7:09  Ravager  
  130  7:10  Roach x3  
  130  7:11  Overlord  
  137  7:15  Overlord  
  137  7:17  Overlord  
  137  7:18  Ravager  
  138  7:28  Overlord  
  137  7:31  Roach x4  
  145  7:41  Roach x3  
  151  7:47  Roach x5  
  151  7:48  Roach x2  
  165  7:53  Ravager  
  165  7:55  Overlord  
  166  7:59  Zergling x6  
  166  8:00  Overlord  
  166  8:03  Overlord  
  169  8:11  Roach  
  169  8:12  Roach x3  
  151  8:18  Roach x2  
  129  8:21  Roach  
  129  8:26  Roach  
  129  8:27  Roach  
  123  8:36  Roach x4  
  123  8:39  Zergling x2  
  132  8:44  Zergling x2  
  131  8:49  Zergling x2  
  131  8:50  Zergling x2  
  133  8:57  Roach x2  
  133  9:00  Ravager  
  133  9:01  Ravager, Zergling x2  
  133  9:02  Zergling x8  
  142  9:09  Zergling x6  
  139  9:12  Zergling x4  
  139  9:14  Zergling x2  
  131  9:23  Roach x2  
  131  9:24  Roach  
  107  9:33  Queen  
  107  9:36  Roach x2  
  107  9:37  Roach  
  103  9:40  Ravager x2  
  103  9:44  Roach x2  
  106  9:48  Drone  
  104  9:54  Drone  
  104  9:59  Zergling x4  
  106  10:07  Zergling x10  
  95  10:14  Roach x2  
  95  10:20  Glial Reconstitution  
  99  10:23  Roach x2  
  104  10:28  Zergling x4  
  105  10:39  Roach x3  
  105  10:42  Ravager x2  
  113  10:45  Zergling x2  
  113  10:48  Roach  
  116  10:50  Zergling x12  
  116  10:53  Zergling x2  
  116  10:56  Zergling x2  
  124  11:01  Zergling x4  
  126  11:07  Roach  
  124  11:11  Roach  
  124  11:14  Roach  
  124  11:17  Roach  
  124  11:18  Roach x3  
  134  11:22  Zergling x4  
  134  11:32  Ravager, Roach x2  
  137  11:42  Roach x2  
  116  11:48  Roach x2  
  102  11:58  Roach  
  102  11:59  Roach  
  102  12:01  Zergling x18  
  86  12:08  Zergling x6  
  79  12:10  Ravager  
  79  12:14  Overlord, Zergling x2  
  81  12:16  Roach  
  81  12:17  Zergling x2  
  80  12:25  Roach x3  
  80  12:28  Zergling x2  
Tags
 
Add a new tag
Caveats
  • Supply blocks, unpowered buildings, or Contaminate may cause inaccurate times.
  • Supply counts are checked every 10 seconds.